 Dungeon Crawl Stone Soup version 0.23.1 (webtiles) character file.

Game seed: 0

434 Fang the Skirmisher (level 7, -1/44 HPs)
             Began as a Gargoyle Berserker on Mar 13, 2019.
             Was a Priest of Trog.
             Killed from afar by an orc wizard (3 damage)
             ... with a magic dart
             ... on level 4 of the Dungeon.
             The game lasted 00:03:51 (2333 turns).

Fang the Skirmisher (Gargoyle Berserker)            Turns: 2333, Time: 00:03:52

Health: -1/44      AC:  7    Str: 23    XL:     7   Next: 0%
Magic:  7/7        EV: 13    Int:  7    God:    Trog [***...]
Gold:   230        SH:  0    Dex:  9    Spells: 6/6 levels left

rFire    . . .     SeeInvis .   s - +2 hand axe (elec)
rCold    + . .     Gourm    .   (no shield)
rNeg     + . .     Faith    .   b - +0 animal skin
rPois    ∞         Spirit   .   (no helmet)
rElec    +         Reflect  .   (no cloak)
rCorr    +         Harm     .   (no gloves)
MR       .....                  (no boots)
Stlth    +.........             o - amulet of rage
HPRegen  0.14/turn              k - ring of protection from cold
MPRegen  0.10/turn              n - ring of resist corrosion

@: berserk cooldown, slowed, very slow
A: negative energy resistance 1, electricity resistance, unbreathing,
petrification resistance, rot immunity, AC +4
a: Berserk, Trog's Hand, Renounce Religion, Evoke Berserk Rage


You were on level 4 of the Dungeon.
You worshipped Trog.
Trog was most pleased with you.
You were very hungry.

You visited 1 branch of the dungeon, and saw 4 of its levels.

You collected 230 gold pieces.

Inventory:

Hand Weapons
 a - a +0 hand axe
 s - a +2 hand axe of electrocution (weapon)
Armour
 b - a +0 animal skin (worn)
Jewellery
 k - a ring of protection from cold (left hand)
 n - a ring of resist corrosion (right hand)
 o - an amulet of rage (around neck)
Scrolls
 d - 6 scrolls of identify {unknown}
 g - 2 scrolls of remove curse
 i - a scroll of amnesia {unknown}
 l - 2 scrolls of magic mapping {unknown}
 m - a scroll of immolation {unknown}
 q - a scroll of random uselessness {unknown}
 r - a scroll of fear {unknown}
 u - a scroll of noise {unknown}
Potions
 e - 2 potions of curing {unknown}
 h - 2 potions of magic {unknown}
 j - a potion of ambrosia {unknown}
 p - a potion of brilliance {unknown}
 t - a potion of flight {unknown}
Comestibles
 c - 9 rations
 f - 11 chunks of flesh


   Skills:
 + Level 5.0 Fighting
 + Level 4.1 Axes
 + Level 4.3 Armour
 + Level 3.2 Dodging


You had 6 spell levels left.
You didn't know any spells.
Your spell library was empty.

Dungeon Overview and Level Annotations

Branches:
Dungeon (4/15)
 Temple: D:4-7

Altars:
Ashenzari
Elyvilon
Fedhas
Nemelex Xobeh
Qazlal
Sif Muna
Wu Jian
Xom
Yredelemnul


Innate Abilities, Weirdness & Mutations

You are resistant to torment.
Your stone body is resilient. (AC +4)
You are immune to poison.
You resist negative energy. (rN+)
You are resistant to electric shocks. (rElec)
You can survive without breathing.
You are immune to petrification.
You are immune to rotting.


Message History

An orc is nearby!
You closely miss the orc. The orc hits you but does no damage.
You slash the orc! Lightning courses through the orc!
You kill the orc!
Trog accepts your kill.
Items here: ))) [[ † You feel a strong urge to attack something.
You are no longer berserk.
You are exhausted.
You feel yourself slow down.
The orc wizard hits you but does no damage.
Found a scroll labeled TYBINL REHOIL.
You hit the orc wizard but do no damage.
The orc wizard points at you and mumbles some strange words.
The magic dart hits you!
* * * LOW HITPOINT WARNING * * *
The orc wizard hits you but does no damage.
The orc wizard points at you and mumbles some strange words.
The magic dart hits you.
You die...

#...###..........# ##.#
#........#.. ##
###.......... ## ##
####...#.....#). ##.##.
#.!.......##....
#.....##.......####..##
.......#..#.....##.....
#.?##..)#####..........
#....@## #...##.#...
#....o# ##...#####..
####..# #....# .. ##.#
#...#........
#.......###.......
.#####..# ....# . .
#.## ....# . .. ......
... .....


You could see an orc wizard.

Vanquished Creatures
  2 scorpions (D:4)
  A howler monkey (D:3)
  2 orc priests
  3 orc wizards
  4 adders
  3 oozes
  3 worms (D:2)
  2 dart slugs
  2 leopard geckos
  13 orcs
  A ball python (D:1)
  3 giant cockroaches
  9 hobgoblins
  3 quokkas
  4 bats (D:1)
  8 frilled lizards
  7 goblins
  11 kobolds
  10 rats
91 creatures vanquished.

Notes
Turn   | Place    | Note
-------+----------+-------------------------------------------
     0 | D:1      | Fang the Gargoyle Berserker began the quest for the Orb.
     0 | D:1      | Reached XP level 1. HP: 14/14 MP: 1/1
    32 | D:1      | Reached XP level 2. HP: 14/19 MP: 2/2
   374 | D:1      | Reached XP level 3. HP: 23/23 MP: 3/3
   699 | D:2      | Found a basalt altar of Yredelemnul.
   728 | D:2      | Reached ** piety under Trog
   745 | D:2      | Found a deep blue altar of Sif Muna.
  1134 | D:2      | Reached XP level 4. HP: 24/29 MP: 4/4
  1257 | D:2      | Reached skill level 4 in Fighting
  1582 | D:3      | Found a sparkling altar of Nemelex Xobeh.
  1583 | D:3      | Found a stormy altar of Qazlal.
  1620 | D:3      | Found a white marble altar of Elyvilon.
  1620 | D:3      | Found a shattered altar of Ashenzari.
  1622 | D:3      | Found an ornate altar of the Wu Jian Council.
  1623 | D:3      | Found a blossoming altar of Fedhas.
  1686 | D:3      | Reached XP level 5. HP: 4/33 MP: 5/5
  1982 | D:3      | Reached XP level 6. HP: 28/39 MP: 6/6
  2048 | D:3      | Found a shimmering altar of Xom.
  2157 | D:4      | Reached *** piety under Trog
  2324 | D:4      | Reached skill level 5 in Fighting
  2328 | D:4      | Reached XP level 7. HP: 18/44 MP: 7/7
  2333 | D:4      | HP: 2/44 [orc wizard/magic dart (10)]
  2333 | D:4      | Killed from afar by an orc wizard

Skill      XL: |  1  2  3  4  5  6 |
---------------+-------------------+-----
Axes           | 3 4 |  4.1
Dodging        | 2 3 |  3.2
Armour         | 3 4 |  4.3
Fighting       | 4 5 |  5.0

Action                   |  1- 3 |  4- 6 |  7- 9 || total
-------------------------+-------+-------+-------++-------
Melee: Hand axe          |   143 |   174 |     3 ||   320
Invok: Berserk           |       |     2 |       ||     2
       Trog's Hand       |       |     1 |       ||     1
  Use: Scroll            |       |     1 |       ||     1
 Stab: Sleeping          |       |     1 |       ||     1
  Eat: Chunk             |     1 |     5 |       ||     6
Armor: Animal skin       |    40 |    50 |     3 ||    93
Dodge: Dodged            |    95 |   111 |       ||   206
